 Dungeon Crawl Stone Soup version 0.32-a0-953-g508020473e (webtiles) character file.

Game seed: 17208251166917828240

49 jasper the Chopper (level 3, 0/23 HPs)
             Began as a Gargoyle Fighter on Apr 16, 2024.
             Slain by a gnoll
             ... wielding a +0 club
              (2 damage)
             ... on level 2 of the Dungeon.
             The game lasted 00:02:16 (1032 turns).

jasper the Chopper (Gargoyle Fighter)               Turns: 1032, Time: 00:02:16

Health: 0/23       AC: 10    Str: 21    XL:     3   Next: 77%
Magic:  3/3        EV:  8    Int:  8    God:
Gold:   109        SH:  4    Dex:  9    Spells: 2/2 levels left

rFire   . . .        a - +0 war axe
rCold   . . .        c - +0 buckler
rNeg    + . .        b - +0 scale mail
rPois   ∞            (no helmet)
rElec   +            (no cloak)
rCorr   +            (no gloves)
SInv    .            (no boots)
Will    .....        (no amulet) Stlth
                     k - ring of resist corrosion
HPRegen 0.23/turn    (no ring)
MPRegen 0.08/turn

%: no passive effects
@: mighty
A: sickness immunity, AC +3, negative energy resistance 1, electricity
resistance, torment resistance 1, petrification resistance
a: no special abilities


You were on level 2 of the Dungeon.
You visited 1 branch of the dungeon, and saw 2 of its levels.

You collected 109 gold pieces.

Inventory:

Hand Weapons
 a - a +0 war axe (weapon)
Missiles
 f - 24 stones (quivered)
 g - 2 large rocks
Armour
 b - a +0 scale mail (worn)
 c - a +0 buckler (worn)
Jewellery
 k - a ring of resist corrosion (left hand)
Scrolls
 m - a scroll of teleportation {unknown}
Potions
 h - a potion of enlightenment {unknown}
 i - a potion of mutation {unknown}
 j - a potion of heal wounds {unknown}
 l - a potion of haste {unknown}


   Skills:
 - Level 3.2 Fighting
 + Level 3.6 Axes
 - Level 3.2 Armour
 - Level 3.2 Shields


You had 2 spell levels left.
You didn't know any spells.
Your spell library contained the following spells:

 Spells                   Type           Power      Damage    Failure   Level
 Fugue of the Fallen      Necr           0%         N/A       99%         3
 Ozocubu's Armour         Ice            0%         N/A       99%         3
 Manifold Assault         Tloc           0%         N/A       100%        7


Dungeon Overview and Level Annotations

Branches:
Dungeon (2/15)

Altars:

Shops:
D:1 *


Innate Abilities, Weirdness & Mutations

You are immune to sickness and miasma.
Your stone body is resilient. (AC +3)
You are immune to poison.
You resist negative energy. (rN+)
You are resistant to electric shocks. (rElec)
You are resistant to unholy torment.
You are immune to petrification.


Message History

You closely miss the rat.
The rat is heavily wounded.
You slash the plant! The rat bites you but does no damage.
The gnoll hits you but does no damage. The rat bites you but does no damage.
The gnoll barely misses you.
The frilled lizard bites you but does no damage.
You barely miss the rat.
The rat is heavily wounded.
You slash the plant! You miss the frilled lizard.
A nearby plant withers and dies.
The frilled lizard barely misses you. The rat closely misses you.
The gnoll hits you from afar with a +0 halberd!
You take 8 damage, and have 15/23 hp.
MASSIVE DAMAGE!!
A gnoll comes into view. It is wielding a +0 club.
The gnoll shouts!
The frilled lizard barely misses you. The rat closely misses you.
The gnoll hits you from afar with a +0 halberd.
You take 3 damage, and have 12/23 hp.
The rat bites you but does no damage. The gnoll hits you with a +0 halberd!
* * * LOW HITPOINT WARNING * * *
You take 8 damage, and have 4/23 hp.
MASSIVE DAMAGE!!
You feel better. The rat bites you but does no damage. The gnoll misses you.
The frilled lizard barely misses you.
You regained 7 hp, and now have 11/23 hp.
You feel very mighty all of a sudden. The rat bites you but does no damage.
The gnoll hits you with a +0 halberd!
* * * LOW HITPOINT WARNING * * *
The frilled lizard bites you but does no damage.
You take 10 damage, and have 1/23 hp.
MASSIVE DAMAGE!!
You slash the gnoll!
You kill the gnoll!
You miss the frilled lizard. You slash the rat!
You kill the rat!
The frilled lizard closely misses you.
You barely miss the gnoll. You hit the frilled lizard.
A kobold comes into view. It is wielding a +0 dagger.
The gnoll closely misses you.
The frilled lizard bites you but does no damage.
The gnoll hits you with a +0 club.
You die...

♣P~~~~...~~~~♣
.........##.
~PP~P~....~~~♣
########.##.
♣~~~P~~†.~~~♣♣
#....
♣~~~~P♣...~~♣♣
#####
♣PP~≈PP...~~P♣
#
P~P~≈~P...~~~♣
#
#♣~P≈~~...~~P♣
#
#~~~~~~.l.~♣.#
#~~≈~~~/.@♣..#
#♣~~P~~..g.[.#
♣~P~P~......#
#♣~P~~###.###
♣~~~~# .#
#♣~~# .# #♣#
.# K#


You could see a gnoll, a kobold (wandering) and a frilled lizard.

Vanquished Creatures
  A gnoll (D:2)
  An adder (D:2)
  A ribbon worm (D:2)
  3 endoplasms
  2 giant cockroaches
  3 goblins
  3 hobgoblins
  3 quokkas
  A ball python (D:2)
  3 bats
  A frilled lizard (D:1)
  3 kobolds (D:1)
  2 rats
27 creatures vanquished.

Notes
Turn   | Place    | Note
-------+----------+-------------------------------------------
     0 | D:1      | jasper the Gargoyle Fighter began the quest for the Orb.
     0 | D:1      | Reached XP level 1. HP: 14/14 MP: 1/1
   110 | D:1      | Found Qumeteaj's Assorted Antiques.
   159 | D:1      | Reached XP level 2. HP: 19/19 MP: 2/2
   767 | D:2      | Reached XP level 3. HP: 23/23 MP: 3/3
   876 | D:2      | Found a faded altar of an unknown god.
  1030 | D:2      | HP: 1/23 [gnoll/+0 halberd (10)]
  1032 | D:2      | Slain by a gnoll

Illustrated notes

Levels and vault maps discovered:
D:1:      sevenhm_arrival_forest_fort_small_6, layout_basic, serial_shops, shop
D:2:      layout_loops_ring, dreamdust_ecumenical_altar_angels_and_demons,
          chequers_serial_rivers_small_3, serial_bayou_ford_a,
          dreamdust_mushroom_princess, minmay_puff

Skill      XL: |  1  2 |
---------------+-------+-----
Axes           | 2 3 |  3.6
Fighting       | |  3.2
Armour         | |  3.2
Shields        | |  3.2

Action                     || total
---------------------------++-------
  Melee: War axe           ||   100
  Throw: Stone             ||     4
    Use: Scroll            ||     2
         Potion            ||     2
 Armour: Scale mail        ||    92
  Dodge: Dodged            ||    52
  Block: Buckler           ||    26

Table legend: (Time is in decaauts)
 A = Elapsed time spent in this place.
 B = Non-inter-level travel time spent in this place.
 C = Inter-level travel time spent in this place.
 D = Time resting spent in this place.
 E = Time spent auto-exploring this place.
 F = Levels seen in this place.
 G = Mean time per level.
                   A        B        C        D        E       F      G
               +--------+--------+--------+--------+--------+-----+--------+
         Total |   1080 |   1068 |     12 |    169 |    549 |   2 |  540.0 |
       Dungeon |   1080 |   1068 |     12 |    169 |    549 |   2 |  540.0 |
               +--------+--------+--------+--------+--------+-----+--------+

Top non-repeatable levels by time:
     D:1: 661 daAuts
     D:2: 418 daAuts
